 Dungeon Crawl Stone Soup version 0.31.0-9-g3a7656b989 (webtiles) character file.

Game seed: 13387329252848112213

259 Kallu the Apothecary (level 5, -2/38 HPs)
             Began as a Vampire Alchemist on Feb 6, 2024.
             Slain by Pikel
             ... wielding a +1 whip of freezing
              (4 damage)
             ... on level 4 of the Dungeon.
             The game lasted 00:07:16 (2879 turns).

Kallu the Apothecary (Vampire Alchemist)            Turns: 2879, Time: 00:07:16

Health: -2/38      AC:  4    Str:  7    XL:     5   Next: 95%
Magic:  2/9        EV: 12    Int: 20    God:
Gold:   174        SH:  0    Dex: 14    Spells: 4/10 levels left

rFire   . . .        a - staff of air
rCold   . . .        (no shield)
rNeg    . . .        r - +0 robe
rPois   .            (no helmet)
rElec   +            p - +0 cloak
rCorr   .            (no gloves)
SInv    +            t - +0 pair of boots
Will    .....        u - amulet of magic regeneration
Stlth   ++           (no ring)
HPRegen 0.46/turn    (no ring)
MPRegen 0.51/turn

%: no passive effects
@: very slightly contaminated, healing quickly
A: alive, fangs 3, see invisible, vampiric 2
a: Exsanguinate


You were on level 4 of the Dungeon.
You visited 1 branch of the dungeon, and saw 4 of its levels.

You collected 174 gold pieces.

Inventory:

Hand Weapons
 b - a +0 dagger of flaming
Missiles
 f - 2 poisoned darts
 q - a throwing net
Armour
 p - a +0 cloak (worn)
 r - a +0 robe (worn)
 t - a +0 pair of boots (worn)
Magical Staves
 a - a staff of air (weapon)
Jewellery
 g - an amulet of faith
 u - an amulet of magic regeneration (around neck)
Scrolls
 c - a scroll of poison {unknown}
 d - a scroll of fear {unknown}
 e - a scroll of fog {unknown}
 j - a scroll of identify {unknown}
 m - 2 scrolls of noise {unknown}
 n - 2 scrolls of vulnerability {unknown}
 o - a scroll of amnesia {unknown}
 s - a scroll of torment {unknown}
 w - a scroll of enchant armour {unknown}
Potions
 h - a potion of brilliance {unknown}
 i - 2 potions of curing {unknown}
 k - a potion of resistance {unknown}
 l - a potion of degeneration {unknown}
 v - a potion of magic


   Skills:
 - Level 2.0 Fighting
 - Level 2.1 Dodging
 - Level 3.0 Stealth
 - Level 3.0 Spellcasting
 - Level 0.6 Conjurations
 - Level 2.0 Air Magic
 + Level 5.7 Alchemy


You had 4 spell levels left.
You knew the following spells:

 Your Spells              Type           Power      Damage    Failure   Level
a - Sting                 Conj/Alch      60%        1d6       4%          1
b - Mercury Vapours       Alch/Air       54%        N/A       4%          2
c - Mephitic Cloud        Conj/Alch/Air  21%        N/A       14%         3

Your spell library contained the following spells:

 Spells                   Type           Power      Damage    Failure   Level
 Cigotuvi's Dreadful Rot  Necr/Alch/Air  38%        N/A       8%          2
 Freeze                   Ice            12%        1d3       14%         1
 Sandblast                Erth           6%         2d5       14%         1
 Olgreb's Toxic Radiance  Alch           25%        N/A       14%         4
 Hailstorm                Conj/Ice       4%         3d5       36%         3
 Stone Arrow              Conj/Erth      8%         3d7       36%         3
 Frozen Ramparts          Ice            6%         1d1       38%         3
 Passwall                 Erth           3%         N/A       38%         3
 Ignite Poison            Fire/Alch      14%        N/A       41%         4
 Sticky Flame             Fire/Alch      14%        2d5       41%         4
 Brom's Barrelling Bould  Conj/Erth      4%         2d3       77%         4
 Freezing Cloud           Conj/Ice/Air   4%         6-21      95%         5


Dungeon Overview and Level Annotations

Branches:
Dungeon (3/15)

Altars:

Annotations:
D:4 Pikel


Innate Abilities, Weirdness & Mutations

Your natural rate of healing is accelerated.
You have razor-sharp teeth.
You have supernaturally acute eyesight. (SInv)
You are afflicted with vampirism and can become a bat while bloodless.


Message History

The lemure appears confused.
Pikel hits you with a +1 whip of freezing!
Pikel freezes you.
The lemure is engulfed in noxious fumes.
The lemure appears confused.
Aiming: Sting (safe; 4% risk of failure)
Press: ? - help, Q - select action, (/) - cycle Shift-Dir - straight line, f/p - Pikel
Aim: Pikel, wielding a +1 whip of freezing and wearing a +0 robe (lightly wounded, very poisoned, 67% to hit)
The sting hits Pikel but does no damage.
Pikel looks as sick as possible!
Pikel is lightly wounded.
The lemure is engulfed in noxious fumes.
The lemure appears confused.
Pikel attacks as he pursues you!
Pikel hits you with a +1 whip of freezing!
Pikel freezes you.
Pikel hits you with a +1 whip of freezing.
Pikel freezes you.
Casting: Sting (safe; 4% risk of failure)
Confirm with . or Enter, or press ? or * to list all spells.
Aiming: Mephitic Cloud (quite dangerous; 14% risk of failure)
Press: ? - help, Shift-Dir - straight line, f/p - Pikel
Aim: Pikel, wielding a +1 whip of freezing and wearing a +0 robe (heavily wounded, very poisoned, chance to affect: 72%)
You feel a surge of power!
You miscast Mephitic Cloud.
You are very lightly contaminated with residual magic.
Nothing appears to happen.
Pikel hits you with a +1 whip of freezing.
* * * LOW HITPOINT WARNING * * *
Pikel freezes you.
* * * LOW HITPOINT WARNING * * *
Unknown command.
You aren't carrying any items that you can evoke.
Unknown command.
Pikel attacks as he pursues you!
Pikel hits you with a +1 whip of freezing!
* * * LOW HITPOINT WARNING * * *
Pikel freezes you.
You die...
Pikel says, "See you in Hell!"

.............##
............5.#
#............##
###..........#
##.........#########
####.....#.##.....###
#######.#.........
#K#.........
#.@..........
#............
##...........
#...........
#..........#
#.>.......#
##.......# #†.....##
#.######


You could see Pikel (very poisoned) and a lemure (confused).

Vanquished Creatures
  Crazy Yiuf (D:2)
  Terence (D:2)
  Natasha (thrice) (D:2)
  7 adders
  A gnoll (D:1)
  A ribbon worm (D:2)
  An orc (D:3)
  9 endoplasms
  4 giant cockroaches
  2 hobgoblins
  4 jackals (D:4)
  A quokka (D:1)
  4 ball pythons
  4 bats
  A frilled lizard (D:1)
  5 goblins
  4 kobolds
  6 rats
59 creatures vanquished.

Notes
Turn   | Place    | Note
-------+----------+-------------------------------------------
     0 | D:1      | Kallu the Vampire Alchemist began the quest for the Orb.
     0 | D:1      | Reached XP level 1. HP: 13/13 MP: 3/3
   250 | D:1      | Reached XP level 2. HP: 19/19 MP: 1/5
   531 | D:1      | Found a faded altar of an unknown god.
   748 | D:1      | Gained mutation: You are afflicted with vampirism and can
                  | become a bat while bloodless. [Vampire growth]
   748 | D:1      | Reached XP level 3. HP: 24/24 MP: 1/7
   751 | D:1      | Learned a level 2 spell: Mercury Vapours
   755 | D:1      | Learned a level 3 spell: Mephitic Cloud
   917 | D:2      | Noticed Terence
   918 | D:2      | Noticed Natasha
   996 | D:2      | Reached skill level 4 in Alchemy
  1252 | D:2      | Killed Terence
  1253 | D:2      | Reached skill level 1 in Fighting
  1253 | D:2      | Reached XP level 4. HP: 33/33 MP: 1/8
  1335 | D:2      | Found a runed translucent door.
  1336 | D:2      | Noticed Crazy Yiuf
  1359 | D:2      | Killed Natasha
  1374 | D:2      | Reached skill level 1 in Air Magic
  1847 | D:2      | Noticed Natasha
  1851 | D:2      | Killed Natasha
  1852 | D:2      | Reached XP level 5. HP: 23/38 MP: 7/9
  2010 | D:2      | Noticed Natasha
  2018 | D:2      | Killed Natasha
  2365 | D:2      | Killed Crazy Yiuf
  2366 | D:2      | Reached skill level 5 in Alchemy
  2768 | D:3      | You fall into a shaft and drop 1 floor!
  2855 | D:4      | Noticed Pikel
  2855 | D:4      | Noticed a lemure
  2867 | D:4      | Noticed a lemure
  2879 | D:4      | Slain by Pikel

Illustrated notes

Levels and vault maps discovered:
D:1:      lightli_arrival_maybe_door_vault, layout_loops_cross,
          shapermc_ecumenical_altar_pompeii, amcnicky_mini_pool_small
D:2:      layout_loops_corners, uniq_crazy_yiuf_cottage, uniq_natasha,
          uniq_terence
D:3:      layout_loops_ring
D:4:      layout_cave_pods, serial_shops, shop, uniq_pikel, uniq_ijyb,
          uniq_robin

Skill      XL: |  1  2  3  4  5 |
---------------+----------------+-----
Spellcasting   | 3 |  3.0
Alchemy        | 4 5 |  5.7
Fighting       | 1 2 |  2.0
Air Magic      | 1 2 |  2.0
Dodging        | |  2.1
Stealth        | |  3.0
Conjurations   | |  0.6

Action                     |  1- 3 |  4- 6 || total
---------------------------+-------+-------++-------
  Melee: Unarmed           |    42 |     5 ||    47
         Bite              |     6 |     3 ||     9
         Punch             |     1 |       ||     1
         Staff             |       |    13 ||    13
   Fire: Arbalest          |       |    22 ||    22
  Throw: Dart              |     2 |       ||     2
   Cast: Sting             |    49 |    63 ||   112
         Mephitic Cloud    |     2 |     3 ||     5
         Mercury Vapours   |       |     3 ||     3
 Armour: Robe              |    32 |    43 ||    75
  Dodge: Dodged            |    33 |    60 ||    93
